 Dungeon Crawl Stone Soup version 0.31-a0-1589-g8f5e8aebd6 (webtiles) character file.

Game seed: 10735469269845599460

153 Dirian the Ruffian (level 5, -1/36 (37) HPs)
             Began as a Merfolk Shapeshifter on Jan 6, 2024.
             Slain by a wight
             ... wielding a +0 mace
              (2 damage)
             ... on level 3 of the Dungeon.
             The game lasted 00:02:16 (2024 turns).

Dirian the Ruffian (Merfolk Shapeshifter)           Turns: 2024, Time: 00:02:17

HP:   -1/36 (37)    AC:  2    Str: 16    XL:     5   Next: 35%
MP:   5/5           EV: 13    Int:  9    God:
Gold: 163           SH:  5    Dex: 20    Spells: 4/4 levels left

rFire   . .          .
                       - Unarmed
rCold   . . .        (no shield)
rNeg    . . .        a - +0 animal skin
rPois   .            (helmet currently unavailable)
rElec   .            (cloak currently unavailable)
rCorr   .            (gloves currently unavailable)
SInv    .            (boots currently unavailable)
Will    .....        m - amulet of reflection
Stlth   ++           j - +6 ring of dexterity
HPRegen 0.26/turn    (no ring)
MPRegen 0.09/turn

%: reflection
@: beast-form, lightly drained
A: beast (slay +2), (nimble swimmer 2), mertail
a: Begin Untransformation


You were on level 3 of the Dungeon.
You were a hulking beast.
You visited 1 branch of the dungeon, and saw 3 of its levels.

You collected 163 gold pieces.

Inventory:

Armour
 a - a +0 animal skin (worn)
Jewellery
 j - a +6 ring of dexterity (left hand)
 m - an amulet of reflection (around neck)
Talismans
 c - a beast talisman (active)
 d - a flux talisman
Scrolls
 f - a scroll of revelation {unknown}
 g - a scroll of torment {unknown}
 h - a scroll of brand weapon {unknown}
 l - 2 scrolls of identify {unknown}
Potions
 b - a potion of lignification
 e - a potion of enlightenment {unknown}
 i - a potion of might {unknown}
 k - a potion of degeneration {unknown}


   Skills:
 + Level 1.5 Fighting
 + Level 3.0 Dodging
 + Level 5.6 Unarmed Combat
 + Level 4.9 Shapeshifting


You had 4 spell levels left.
You didn't know any spells.
Your spell library was empty.

Dungeon Overview and Level Annotations

Branches:
Dungeon (3/15) Zot: 15992

Altars:


Innate Abilities, Weirdness & Mutations

You are a hulking beast.
Your limbs bulge with bestial killing power. (Slay +2)
((You are very nimble when in or above water. (Stealth+, EV+, Speed+++)))
Your lower body shifts to a powerful aquatic tail in water.


Message History

You are too injured to fight recklessly!
You are too injured to fight recklessly!
You are too injured to fight recklessly!
You are too injured to fight recklessly!
You are too injured to fight recklessly!
You are too injured to fight recklessly!
You are too injured to fight recklessly!
You are too injured to fight recklessly!
The wight closely misses you.
You see here a +0 quarterstaff.
Okay, then.
You block the wight's attack.
You hit the wight. You punch the wight.
The wight is severely damaged.
The wight hits you with a +0 spear.
You punch the wight!
You destroy the wight!
Your life force feels restored.
Your Unarmed Combat skill increases to level 5!
You have reached level 5!
You feel agile.
You closely miss the wight. You block the wight's attack.
You hit the wight.
The wight is lightly damaged.
The wight closely misses you.
You hit the wight.
The wight is heavily damaged.
The wight hits you with a +0 mace!
* * * LOW HITPOINT WARNING * * *
You barely miss the wight.
The wight is heavily damaged.
The wight closely misses you.
You completely miss the wight.
The wight is heavily damaged.
You hit the wight.
The wight is almost destroyed.
The wight hits you with a +0 mace!
* * * LOW HITPOINT WARNING * * *
You feel drained.
You die...

#..# #..# ..#.♣ #..#
#..#.♣ #..# z....♣ #..#
....# #############..#
....♣ ..........†....#
...
........######.####.#.♣
#######.# #.)hzzz..# #
#.# ######...# ♣♣♣ ###
#.# #### #.# ..# #.#
#.# #.# #.# #># #.# #.#
#.# #.# #.# #.# #.# #.#
### #.# #.#####.#
#####.## #.#


You could see 3 wights.

Vanquished Creatures
  A wight (D:3)
  A bombardier beetle (D:3)
  An adder (D:2)
  3 dart slugs
  3 orcs (D:3)
  4 ball pythons
  4 endoplasms
  2 giant cockroaches (D:1)
  3 goblins
  4 hobgoblins
  4 kobolds
  5 quokkas
  3 bats
  4 frilled lizards
  8 rats
50 creatures vanquished.

Notes
Turn   | Place    | Note
-------+----------+-------------------------------------------
     0 | D:1      | Dirian the Merfolk Shapeshifter began the quest for the
                  | Orb.
     0 | D:1      | Reached XP level 1. HP: 15/15 MP: 1/1
   161 | D:1      | Reached XP level 2. HP: 20/21 MP: 2/2
   898 | D:1      | Reached skill level 4 in Unarmed Combat
   898 | D:1      | Reached XP level 3. HP: 26/26 MP: 3/3
  1743 | D:3      | Reached XP level 4. HP: 31/32 MP: 4/4
  2019 | D:3      | Reached skill level 5 in Unarmed Combat
  2019 | D:3      | Reached XP level 5. HP: 19/37 MP: 5/5
  2024 | D:3      | HP: 1/37 [wight/+0 mace (7)]
  2024 | D:3      | Slain by a wight

Illustrated notes

Levels and vault maps discovered:
D:1:      ncdulo_wetmaze, layout_basic
D:2:      layout_basic, kennysheep_crisscross
D:3:      layout_loops_ring, shapermc_ecumenical_altar_totnotflames,
          minmay_misc_feat_cross

Skill      XL: |  1  2  3  4 |
---------------+-------------+-----
Unarmed Combat | 4 5 |  5.6
Dodging        | 3 |  3.0
Fighting       | |  1.5
Shapeshifting  | |  4.9

Action                     |  1- 3 |  4- 6 || total
---------------------------+-------+-------++-------
  Melee: Unarmed           |    97 |    30 ||   127
         Punch             |       |     1 ||     1
   Stab: Sleeping          |     3 |     3 ||     6
 Armour: Animal skin       |    40 |     8 ||    48
  Dodge: Dodged            |    52 |    12 ||    64
  Block: Other             |       |     2 ||     2
   Form: Beast             |     1 |       ||     1

Table legend: (Time is in decaauts)
 A = Elapsed time spent in this place.
 B = Non-inter-level travel time spent in this place.
 C = Inter-level travel time spent in this place.
 D = Time resting spent in this place.
 E = Time spent auto-exploring this place.
 F = Levels seen in this place.
 G = Mean time per level.
                   A        B        C        D        E       F      G
               +--------+--------+--------+--------+--------+-----+--------+
         Total |   2006 |   1973 |     33 |      0 |   1645 |   3 |  668.7 |
       Dungeon |   2006 |   1973 |     33 |      0 |   1645 |   3 |  668.7 |
               +--------+--------+--------+--------+--------+-----+--------+

Top non-repeatable levels by time:
     D:1: 1089 daAuts
     D:2: 550 daAuts
     D:3: 366 daAuts
